 Dungeon Crawl Stone Soup version 0.17-a0-461-g772d41b (webtiles) character file.

99 Karaelmas the Skirmisher (level 4, -1/55 HPs)
             Began as a Demonspawn Berserker on Apr 5, 2015.
             Was a Believer of Trog.
             Killed from afar by Natasha (4 damage)
             ... with a wand of magic darts
             ... on level 2 of the Dungeon.
             The game lasted 00:23:34 (1615 turns).

Karaelmas the Skirmisher (Demonspawn Berserker)     Turns: 1615, Time: 00:23:34

Health: -1/55      AC: 22    Str: 23    XL:     4   Next: 45%
Magic:  4/4        EV:  2    Int:  9    God:    Trog [**....]
Gold:   23         SH:  0    Dex: 12    Spells: 0 memorised, 3 levels left

rFire  . . .     SeeInvis .     a - +0 hand axe
rCold  . . .     Clarity  .     (armour currently unavailable)
rNeg   + + +     SustAb   .     (no shield)
rPois  +         Gourm    .     (helmet currently unavailable)
rElec  .         Spirit   .     (cloak currently unavailable)
rCorr  .         Warding  .     (gloves currently unavailable)
rMut   .         NoTele   +     (boots currently unavailable)
MR     .....                    (no amulet)
Stlth  +.........               (no ring)
                                q - ring of wizardry

@: mighty, exhausted, tree-form, slowed, very slow, not resistant to hostile
enchantments, very unstealthy
A: rot immunity
a: Burn Spellbooks, Berserk, Trog's Hand, Renounce Religion


You were on level 2 of the Dungeon.
You worshipped Trog.
Trog was pleased with you.
You were not hungry.
You were a tree.
You visited 1 branch of the dungeon, and saw 2 of its levels.

You collected 23 gold pieces.

Inventory:

Hand weapons
 a - a +0 hand axe (weapon)
 d - a +0 club
 g - a +0 dagger
 i - a +0 dagger
 j - a +0 dagger
 u - a +3 club
Missiles
 l - a stone (quivered)
Armour
 b - a +0 animal skin
 e - a +0 ring mail (melded)
 h - a +0 robe
 m - a +0 leather armour
 r - a +0 cloak (melded)
Jewellery
 n - an uncursed amulet of resist mutation
 q - a ring of wizardry (left branch)
Scrolls
 s - a scroll of enchant weapon
Potions
 o - a potion of haste {unknown}
Comestibles
 c - 2 bread rations


   Skills:
 + Level 3.9 Fighting
 + Level 3.1 Axes
 + Level 2.3 Armour
 + Level 2.8 Dodging


You had 3 spell levels left.
You didn't know any spells.

Dungeon Overview and Level Annotations

Branches:
Dungeon (2/15)

Altars:

Annotations:
D:2 Natasha


Innate Abilities, Weirdness & Mutations

You are immune to rotting.


Message History

It was a scroll of immolation.
Natasha hisses angrily.
Natasha zaps a wand.
The magic dart hits you!
* * * LOW HITPOINT WARNING * * *
It is a wand of magic darts {zapped: 1}.
As you read the scroll labeled SUOKIO CAF VEJOB, it crumbles to dust.
It is a scroll of identify.
Identify which item? (\ to view known items) (? for menu, Esc to quit)
s - a scroll of enchant weapon Natasha zaps a wand.
The magic dart hits you!
* * * LOW HITPOINT WARNING * * *
Natasha zaps a wand.
The magic dart hits you!
* * * LOW HITPOINT WARNING * * *
It was a potion of might.
You feel very mighty all of a sudden.
Drink which item? (? for menu, Esc to quit)
It was a potion of lignification.
You turn into a tree.
Your +0 cloak melds into your body.
Your +0 ring mail melds into your body.
Your roots penetrate the ground.
Natasha zaps a wand.
The magic dart hits you!
You die...

.................#.#...
............###......h .
...##..###..###.##.......
.#.##..##.......##.#......
...##..##.#.#...##..#...
#..##..##.....#.##....#...
#......##.#.#.#.##.....#
##......#.....#.##.# #
#..###...#..#...♣..#.#
#..# ##..#...........#
...#####....#.#...#...#
##...............##...#
#..#######..#.#.## .....
.............h.... .#.###
..#.####.......####.#..
......#......... .##..
###.#.......>.... .. .


You could see Natasha (inner flame).

Vanquished Creatures
  Ijyb (D:2)
  Natasha (twice) (D:2)
  A worm (D:2)
  A giant gecko (D:2)
  4 bats
  3 giant cockroaches (D:1)
  7 goblins
  2 jackals (D:2)
  3 kobolds (D:1)
  An ooze (D:1)
  4 rats (D:1)
29 creatures vanquished.

Notes
Turn   | Place    | Note
--------------------------------------------------------------
     0 | D:1      | Karaelmas, the Demonspawn Berserker, began the quest for the Orb.
     0 | D:1      | Reached XP level 1. HP: 18/18 MP: 1/1
   494 | D:1      | Gained mutation: You are immune to rotting. [demonic ancestry]
   494 | D:1      | Reached XP level 2. HP: 24/24 MP: 2/2
  1340 | D:2      | Reached XP level 3. HP: 24/30 MP: 3/3
  1397 | D:2      | Noticed Natasha
  1405 | D:2      | Killed Natasha
  1451 | D:2      | Noticed Ijyb
  1476 | D:2      | Killed Ijyb
  1476 | D:2      | Reached XP level 4. HP: 24/37 MP: 4/4
  1480 | D:2      | Acquired Trog's second power
  1509 | D:2      | Noticed Natasha
  1604 | D:2      | Killed Natasha
  1612 | D:2      | Noticed Natasha
  1615 | D:2      | Killed from afar by Natasha

Action                   |  1- 3 |  4- 6 || total
-------------------------+-------+-------++-------
Melee: Hand axe          |   100 |    12 ||   112
Invok: Berserk           |     4 |     1 ||     5
  Use: Scroll            |       |     2 ||     2
       Potion            |       |     2 ||     2
  Eat: Chunk             |     4 |     3 ||     7
